 Dungeon Sprint DCSS version 0.18.1-50-g88ac8fd (webtiles) character file.

6643 Ponchio the Eclecticist (level 10, -12/56 HPs)
             Began as a High Elf Fire Elementalist on Sept 29, 2016.
             Was the Champion of Vehumet.
             Rolled over by a boulder beetle (17 damage)
             ... in the Dungeon (Sprint V: "Ziggurat Sprint").
             The game lasted 00:21:22 (916 turns).

Ponchio the Eclecticist (High Elf Fire Elementalist) Turns: 916, Time: 00:21:22

Health: -12/56     AC:  2    Str:  7    XL:     10   Next: 72%
Magic:  11/36      EV: 22    Int: 40    God:    Vehumet [******]
Gold:   0          SH:  0    Dex: 17    Spells: 3 memorised, 28 levels left

rFire  . . .     SeeInvis .     I - +6 Majin-Bo {vamp, Archmagi MP+6 Int+6}
rCold  . . .     Gourm    .     a - +0 robe
rNeg   . . .     Faith    .     (shield currently unavailable)
rPois  .         Spirit   .     (no helmet)
rElec  .         Dismiss  .     (no cloak)
rCorr  .         Reflect  .     (no gloves)
SustAt .         Harm     .     (no boots)
MR     +....     NoTele   +     (no amulet)
Stlth  ++........               A - +6 ring of intelligence
                                B - +6 ring of intelligence

@: somewhat resistant to hostile enchantments, unstealthy
A: no striking features
a: Renounce Religion


You were in the Dungeon.
You worshipped Vehumet.
Vehumet was exalted by your worship.
You were not hungry.

You visited 1 branch

Inventory:

Hand Weapons
 I - the +6 Majin-Bo (weapon) {vamp, Archmagi MP+6 Int+6}
   (You found it in the Dungeon)

   It inflicts no extra harm, but heals its wielder somewhat when it strikes a
   living foe.
   It affects your intelligence (+6).
   It affects your magic capacity (+6).
Armour
 a - a +0 robe (worn)
 J - the +15 Maxwell's patent armour {-Cast -Tele rElec MR+ rCorr}
   (You found it in the Dungeon)

   It insulates you from electricity.
   It affects your resistance to hostile enchantments.
   It prevents spellcasting.
   It prevents most forms of teleportation.
   It protects you from acid and corrosion.
 K - the +2 scale mail "Seeck" {Int+6}
   (You found it in the Dungeon)

   It affects your intelligence (+6).
Jewellery
 y - a +6 ring of dexterity
 z - a +6 ring of dexterity
 A - a +6 ring of intelligence (right hand)
 B - a +6 ring of intelligence (left hand)
 C - a +6 ring of strength
 D - a +6 ring of strength
 P - the ring of Sipaiff {+Fly rPois Int-5 SInv Stlth+}
   (You found it in the Dungeon)

   [ring of stealth]

   It affects your intelligence (-5).
   It protects you from poison.
   It lets you see invisible.
   It lets you fly.
   It makes you more stealthy.
Wands
 E - a wand of disintegration (0/24)
 F - a wand of iceblast (0/15)
 G - a wand of lightning (0/15)
 H - a wand of acid (5/15)
Scrolls
 i - 4 scrolls of blinking
 p - 4 scrolls of amnesia
 q - 3 scrolls of recharging
 r - 7 scrolls of fog
 s - a scroll of holy word
 t - 5 scrolls of identify
 u - 5 scrolls of remove curse
 v - 2 scrolls of fear
Potions
 d - 10 potions of curing
 e - 10 potions of heal wounds
 f - 5 potions of haste
 g - 7 potions of magic
 h - 3 potions of berserk rage
 j - 2 potions of brilliance
 k - 2 potions of invisibility
 l - 4 potions of resistance
 n - 5 potions of agility
 o - 6 potions of might
Books
 b - a book of Flames

   Spells                             Type                      Level
   a - Flame Tongue                   Conjuration/Fire             1
   b - Throw Flame                    Conjuration/Fire             2
   c - Conjure Flame                  Conjuration/Fire             3
   d - Inner Flame                    Hexes/Fire                   3
   e - Sticky Flame                   Conjuration/Fire             4
   f - Fireball                       Conjuration/Fire             5
 m - the Disquisition on Summoning and Envenoming
   (You found it in the Dungeon)

   Spells                             Type                      Level
   a - Sting                          Conjuration/Poison           1
   b - Summon Butterflies             Summoning                    1
   c - Summon Small Mammal            Summoning                    1
   d - Recall                         Summoning/Translocation      3
   e - Shadow Creatures               Summoning                    6
   f - Summon Hydra                   Summoning                    7
 L - a book of Fire

   Spells                             Type                      Level
   a - Ignite Poison                  Fire/Transmutation/Poison    3
   b - Fireball                       Conjuration/Fire             5
   c - Bolt of Fire                   Conjuration/Fire             6
   d - Delayed Fireball               Conjuration/Fire             7
   e - Ring of Flames                 Charms/Fire                  7
 M - a book of the Dragon

   Spells                             Type                      Level
   a - Flame Tongue                   Conjuration/Fire             1
   b - Cause Fear                     Hexes                        4
   c - Bolt of Fire                   Conjuration/Fire             6
   d - Dragon Form                    Transmutation                7
   e - Dragon's Call                  Summoning                    9
 N - a book of Changes

   Spells                             Type                      Level
   a - Beastly Appendage              Transmutation                1
   b - Sticks to Snakes               Transmutation                2
   c - Spider Form                    Transmutation/Poison         3
   d - Ice Form                       Ice/Transmutation            4
   e - Blade Hands                    Transmutation                5
 O - a book of Maledictions

   Spells                             Type                      Level
   a - Corona                         Hexes                        1
   b - Ensorcelled Hibernation        Hexes/Ice                    2
   c - Confuse                        Hexes                        3
   d - Tukima's Dance                 Hexes                        3
   e - Dazzling Spray                 Conjuration/Hexes            3
 R - a book of Death

   Spells                             Type                      Level
   a - Corpse Rot                     Necromancy                   2
   b - Sublimation of Blood           Necromancy                   2
   c - Agony                          Necromancy                   5
   d - Dispel Undead                  Necromancy                   5
   e - Excruciating Wounds            Charms/Necromancy            5
   f - Bolt of Draining               Conjuration/Necromancy       5
Miscellaneous
 Q - a lamp of fire
Comestibles
 c - 5 bread rations
 w - 37 fruits
 x - 4 meat rations


   Skills:
 + Level 12.6 Dodging
 - Level 2.1 Stealth
 - Level 15.2 Spellcasting
 - Level 15.1 Conjurations
 + Level 6.8 Necromancy
 - Level 4.8 Fire Magic
 - Level 7.3 Evocations


You had 28 spell levels left.
You knew the following spells:

 Your Spells              Type           Power        Failure   Level  Hunger
a - Flame Tongue          Conj/Fire      #####        1%          1    None
b - Fireball              Conj/Fire      ########..   1%          5    None
c - Agony                 Necr           #######.     1%          5    None


Dungeon Overview and Level Annotations

Branches:
Dungeon (1/1)

Altars:
Ashenzari
Cheibriados
Dithmenos
Elyvilon
Fedhas
Gozag
Kikubaaqudgha
Makhleb
Nemelex Xobeh
Okawaru
Pakellas
Qazlal
Ru
Sif Muna
Trog
Vehumet
Xom
Yredelemnul
Zin
The Shining One
Beogh
Jiyva
Lugonu


Message History

Confirm with . or Enter, or press ? or * to list all spells.
Aiming: Fireball
Press: ? - help, Shift-Dir - straight line, f - sheep, p - death knight
Aim: a sheep (hasn't noticed you, summoned)
You feel a surge of power!
The fireball explodes!
The fireball engulfs the sheep.
You kill the sheep!
The sheep's corpse dissolves into shadows!
The fireball engulfs the death knight.
You kill the death knight!
Vehumet accepts your kill.
You feel your power returning.
Your Necromancy skill increases to level 6!
The fireball engulfs the boulder beetle.
The boulder beetle is almost dead.
* * * LOW HITPOINT WARNING * * *
Your damage is reflected back at you!
* * * LOW HITPOINT WARNING * * *
The wizard dissolves into shadows!
The boulder beetle smashes into you!
You die...

▓..8©8..▓
▓.Y)=):...▓..[|}..▓
▓...)a:Y..▓...|...▓
▓....†....▓.......▓
▓.YpCC....▓.......▓
▓....§....▓.......▓
▓....§....▓.......▓
▓....B....▓.......▓
▓....@....▓.......▓
▓▓▓▓▓▓▓▓▓▓▓▓▓▓▓▓▓▓▓
▓..8©8..▓ ▓..[|...▓
▓..))...▓ ▓.......▓
▓.......▓ ▓.......▓
▓.......▓


You could see an ironheart preserver, a boulder beetle, a hill giant, a cyclops,
a soldier ant and 3 sheep.

Vanquished Creatures
  A vault guard (D)
  A death knight (D)
  2 thrashing horrors (D)
  A deep troll (D)
  An eye of devastation (D)
  A polar bear (D)
  2 slime creatures (D)
  A golden eye (D)
  2 small abominations (D)
  A giant eyeball (D)
  An ice beast (D)
  4 eyes of draining (D)
  A quasit (D)
  4 starcursed masses (D)
  5 jellies (D)
  An iron imp (D)
  2 shadow imps (D)
  3 white imps (D)
  An ooze (D)
  A giant cockroach simulacrum (D)
36 creatures vanquished.

Vanquished Creatures (others)
  A vault guard (D)
  A wolf spider (D)
2 creatures vanquished.

Grand Total: 38 creatures vanquished

Notes
Turn   | Place    | Note
--------------------------------------------------------------
     0 | D        | Ponchio the High Elf Fire Elementalist began the quest for the Orb.
     0 | D        | Reached XP level 1. HP: 11/11 MP: 4/4
     0 | D        | Found a viscous altar of Jiyva.
     0 | D        | Found a roughly hewn altar of Beogh.
     0 | D        | Found a corrupted altar of Lugonu.
     0 | D        | Found a white marble altar of Elyvilon.
     0 | D        | Found a sparkling altar of Nemelex Xobeh.
     1 | D        | Found a burning altar of Makhleb.
     1 | D        | Found an iron altar of Okawaru.
     1 | D        | Found a deep blue altar of Sif Muna.
     1 | D        | Found a radiant altar of Vehumet.
     1 | D        | Found a bloodstained altar of Trog.
     1 | D        | Found a shimmering altar of Xom.
    29 | D        | Became a worshipper of Vehumet
    31 | D        | Reached XP level 2. HP: 17/17 MP: 4/7
   110 | D        | Entered arena 1.
   122 | D        | Identified the Disquisition on Summoning and Envenoming (You found it in the Dungeon)
   125 | D        | Got the +2 scale mail "Seeck" {Int+6}
   156 | D        | Entered arena 2.
   156 | D        | Noticed a thrashing horror
   156 | D        | Noticed a starcursed mass
   162 | D        | Killed a thrashing horror
   162 | D        | Reached skill level 10 in Conjurations
   162 | D        | Reached XP level 3. HP: 17/21 MP: 13/16
   162 | D        | Reached XP level 4. HP: 21/27 MP: 14/18
   162 | D        | Reached XP level 5. HP: 25/31 MP: 14/19
   162 | D        | Reached XP level 6. HP: 29/36 MP: 15/21
   162 | D        | Reached XP level 7. HP: 33/41 MP: 15/22
   162 | D        | Reached * piety under Vehumet
   162 | D        | Offered knowledge of Magic Dart by Vehumet.
   162 | D        | Killed a starcursed mass
   163 | D        | Killed a starcursed mass
   171 | D        | Killed a starcursed mass
   171 | D        | Reached XP level 8. HP: 30/46 MP: 20/25
   172 | D        | Killed a starcursed mass
   235 | D        | Learned a level 5 spell: Fireball
   298 | D        | Entered arena 3.
   298 | D        | Noticed a polar bear
   300 | D        | Killed a polar bear
   300 | D        | Reached ** piety under Vehumet
   405 | D        | Entered arena 4.
   405 | D        | Noticed a slime creature
   406 | D        | Offered knowledge of Sandblast by Vehumet.
   408 | D        | Reached *** piety under Vehumet
   408 | D        | Reached skill level 5 in Dodging
   408 | D        | Reached XP level 9. HP: 40/51 MP: 5/27
   515 | D        | Entered arena 5.
   516 | D        | Reached **** piety under Vehumet
   576 | D        | Entered arena 6.
   576 | D        | Noticed an eye of devastation
   578 | D        | Reached ***** piety under Vehumet
   578 | D        | Killed an eye of devastation
   587 | D        | Got the ring of Sipaiff {+Fly rPois Int-5 SInv Stlth+}
   664 | D        | Entered arena 7.
   664 | D        | Noticed a thrashing horror
   665 | D        | Offered knowledge of Searing Ray by Vehumet.
   668 | D        | Killed a thrashing horror
   668 | D        | Reached skill level 15 in Spellcasting
   668 | D        | Reached skill level 15 in Conjurations
   668 | D        | Reached XP level 10. HP: 30/56 MP: 24/30
   909 | D        | Learned a level 5 spell: Agony
   910 | D        | Entered arena 8.
   910 | D        | Noticed an ironheart preserver
   910 | D        | Noticed a wolf spider
   910 | D        | Noticed a vault guard
   910 | D        | Noticed a deep troll
   910 | D        | Noticed a vault guard
   910 | D        | Noticed a death knight
   911 | D        | Killed a wolf spider
   911 | D        | Reached skill level 1 in Necromancy
   912 | D        | Killed a deep troll
   912 | D        | Offered knowledge of Throw Icicle by Vehumet.
   912 | D        | Reached skill level 10 in Dodging
   914 | D        | Killed a vault guard
   914 | D        | Reached ****** piety under Vehumet
   914 | D        | Reached skill level 5 in Necromancy
   914 | D        | Killed a vault guard
   914 | D        | Identified a +3 rod of shadows (7/12)
   915 | D        | Noticed a hill giant
   916 | D        | Noticed a cyclops
   916 | D        | Noticed a wizard
   916 | D        | Killed a death knight
   916 | D        | Rolled over by a boulder beetle

Skill      XL: |  1  2  3  4  5  6  7  8  9 10 |
---------------+-------------------------------+-----
Evocations     | 7 |  7.3
Spellcasting   | 11 12 13 15 | 15.2
Conjurations   | 10 12 13 15 | 15.1
Fire Magic     | 4 |  4.8
Dodging        | 5 9 12 | 12.6
Necromancy     | 6 |  6.8
Stealth        | |  2.1

Action                   |  1- 3 |  4- 6 |  7- 9 | 10-12 || total
-------------------------+-------+-------+-------+-------++-------
Melee: Quarterstaff      |     6 |       |       |       ||     6
 Cast: Fireball          |       |       |    13 |     9 ||    22
Evoke: Wand              |     5 |       |    12 |       ||    17
  Use: Potion            |     2 |       |       |       ||     2
  Eat: Fruit             |     2 |       |     3 |       ||     5
Armor: Plate armour      |    12 |       |       |       ||    12
Dodge: Dodged            |     1 |       |     3 |       ||     4
